 Dungeon Crawl Stone Soup version 0.29.1-12-g30fa7ad0bf (webtiles) character file.

Game seed: 7553061626508163758

89 retardedninja the Chopper (level 4, -5/40 HPs)
             Began as a Hill Orc Fighter on Dec 14, 2022.
             Killed by nerve-wracking pain
             ... invoked by Jessica
              (12 damage)
             ... on level 2 of the Dungeon on Dec 15, 2022.
             The game lasted 00:03:35 (1886 turns).

retardedninja the Chopper (Hill Orc Fighter)        Turns: 1886, Time: 00:03:36

Health: -5/40      AC:  7    Str: 20    XL:     4   Next: 55%
Magic:  4/4        EV:  9    Int:  8    God:
Gold:   122        SH:  4    Dex: 10    Spells: 3/3 levels left

rFire   . . .      SeeInvis .   a - +0 war axe
rCold   . . .      Faith    .   c - +0 buckler
rNeg    . . .      Spirit   .   b - +0 scale mail
rPois   .          Reflect  .   (no helmet)
rElec   .          Harm     .   (no cloak)
rCorr   .          Rampage  .   (no gloves)
Will    .....                   (no boots)
Stlth   ..........              (no amulet)
HPRegen 0.13/turn               (no ring)
MPRegen 0.09/turn               (no ring)

@: mighty
A: no striking features
a: no special abilities


You were on level 2 of the Dungeon.
You visited 1 branch of the dungeon, and saw 3 of its levels.

You collected 122 gold pieces.

Inventory:

Hand Weapons
 a - a +0 war axe (weapon)
Armour
 b - a +0 scale mail (worn)
 c - a +0 buckler (worn)
Scrolls
 i - 2 scrolls of vulnerability {unknown}
Potions
 e - a potion of magic {unknown}
 f - a potion of haste {unknown}
 h - a potion of mutation {unknown}
 j - a potion of degeneration {unknown}
 k - a potion of ambrosia {unknown}


   Skills:
 + Level 4.2 Fighting
 + Level 4.5 Axes
 + Level 4.0 Armour
 + Level 0.2 Dodging
 + Level 0.1 Stealth
 + Level 3.5 Shields


You had 3 spell levels left.
You didn't know any spells.
Your spell library contained the following spells:

 Spells                   Type           Power      Damage    Failure   Level
 Freezing Cloud           Conj/Ice/Air   0%         6-21      100%        5
 Simulacrum               Ice/Necr       0%         N/A       100%        6
 Polar Vortex             Ice            0%         N/A       100%        9


Dungeon Overview and Level Annotations

Branches:
Dungeon (3/15)

Altars:
Zin

Shops:
D:1 [

Annotations:
D:2 Jessica


Message History

Jessica mumbles some strange words.
Jessica seems to speed up.
Jessica is nearby!
Jessica is nearby!
Jessica casts a spell at you.
You barely resist.
Jessica shouts, "I don't like beings like you!"
Jessica hits you with a +0 dagger.
You hit Jessica.
Jessica is moderately wounded.
Jessica hits you with a +0 dagger. You block Jessica's attack.
You slash Jessica!
Jessica is almost dead.
Jessica gestures wildly while chanting.
Jessica blinks!
Jessica points at you and mumbles some strange words.
You barely resist. Jessica casts a spell at you. Pain shoots through your body!
You are too injured to fight recklessly!
You are too injured to fight recklessly!
You are too injured to fight recklessly!
You are too injured to fight recklessly!
You are too injured to fight recklessly!
You are too injured to fight recklessly!
You are too injured to fight recklessly!
You are too injured to fight recklessly!
You are too injured to fight recklessly!
You are too injured to fight recklessly!
You are too injured to fight recklessly!
You feel very mighty all of a sudden. Jessica gestures at you while chanting.
Pain shoots through your body!
* * * LOW HITPOINT WARNING * * *
As you read the scroll labelled LOLOCI EWUE, it crumbles to dust.
You hear a loud clanging noise!
It was a scroll of noise.
Jessica casts a spell at you. Pain shoots through your body!
You die...

##...).##....## #.#..#
#...#...###..####.#..#######
##..####..###.##............#
<...# ##.###....#..........#
....# #......####..........#
.....##..##....###..........#
........ ####.##...........#
##...### #..............#
.##..# #..@##...#######
..#..# ###..#.#..# ..#.##
#######...##.# .##.##
####>.......@# .#
##...###....#####.#......
.†.......#### #.#......
.##..##### #.#......#
##.....## #####.####.###
........## ##.....## .#


You could see Jessica (fast).

Vanquished Creatures
  Terence (D:2)
  An adder (D:2)
  A worm (D:2)
  2 ball pythons
  3 bats
  9 endoplasms
  2 giant cockroaches (D:2)
  2 goblins
  5 hobgoblins
  3 jackals (D:1)
  6 kobolds
  2 quokkas (D:1)
  6 frilled lizards
  3 rats
46 creatures vanquished.

Notes
Turn   | Place    | Note
-------+----------+-------------------------------------------
     0 | D:1      | retardedninja the Hill Orc Fighter began the quest for the
                  | Orb.
     0 | D:1      | Reached XP level 1. HP: 19/19 MP: 1/1
    23 | D:1      | Found a faded altar of an unknown god.
   128 | D:1      | Reached XP level 2. HP: 20/27 MP: 2/2
   562 | D:1      | Reached XP level 3. HP: 32/33 MP: 3/3
   798 | D:1      | Found Xogawu Avir's Antique Armour Shop.
  1331 | D:2      | Reached XP level 4. HP: 40/40 MP: 4/4
  1401 | D:2      | Found a glowing silver altar of Zin.
  1403 | D:2      | Noticed Terence
  1412 | D:2      | Killed Terence
  1511 | D:2      | Noticed Jessica
  1886 | D:2      | Killed from afar by Jessica

Illustrated notes

Levels and vault maps discovered:
D:1:      heliophobic_arrival_enchanted_forest, layout_rooms, serial_shops,
          nicolae_lakefront_shop, basic_ecumenical_altar, minmay_misc_feat_tower
D:2:      layout_rooms, basic_altar, chequers_serial_rivers_small_a,
          minmay_close_crescents, uniq_natasha, uniq_crazy_yiuf_cottage,
          uniq_jessica, uniq_terence
D:3:      layout_basic, nicolae_tso_besieged_by_evil, minmay_misc_feat_roman,
          uniq_sigmund

Skill      XL: |  1  2  3  4 |
---------------+-------------+-----
Axes           | 3 4 |  4.5
Fighting       | 4 |  4.2
Armour         | 4 |  4.0
Dodging        | |  0.2
Stealth        | |  0.1
Shields        | |  3.5

Action                   |  1- 3 |  4- 6 || total
-------------------------+-------+-------++-------
Melee: War axe           |   132 |    18 ||   150
  Use: Scroll            |       |     2 ||     2
       Potion            |       |     1 ||     1
Armor: Scale mail        |    85 |     6 ||    91
Dodge: Dodged            |    65 |     2 ||    67
Block: Buckler           |    34 |     4 ||    38
